Predators vs Blues

Created - 11 octobre 2017 at 17:48

Goals
1 2 3 T
Predators 3 1 1 5
Blues 0 1 0 1
Shots
1 2 3 T
Predators 17 7 14 38
Blues 7 11 4 22

1st period

1. Predators , Oscar Klefbom 2 (Nicklas Backstrom 1, Roman Josi 1) at 4:42
2. Predators , Steven Stamkos 1 (Jaden Schwartz 1, Kevin Hayes 1) at 12:29
3. Predators , J.T. Miller 1 (Max Pacioretty 1, Nicklas Backstrom 2) at 17:01

Penalties :
Johnny Boychuk (STL) for Goalie Interference (Minor) at 6:14

2nd period

4. Blues , Brian Flynn 2 (Jiri Hudler 1) at 7:35
5. Predators , Steven Stamkos 2 (Jaden Schwartz 2, Connor Murphy 2) at 9:12

Penalties :
Marian Hossa (STL) for Roughing (Minor) at 0:16, Colton Sissons (NSH) for Hooking (Minor) at 2:21, Nikita Zadorov (NSH) for High sticking (Minor) at 5:16, Johnny Boychuk (STL) for High sticking (Minor) at 9:24, Connor Murphy (NSH) for Holding (Minor) at 19:00

3rd period

6. Predators , Jaden Schwartz 1 (Connor Murphy 3) at 2:46

Penalties :
Johnny Boychuk (STL) for Holding (Minor) at 12:54, Nikita Zadorov (NSH) for High sticking (Minor) at 16:16

Goalie Stats

Pekka Rinne (NSH), 21 saves from 22 shots - (0.955), W, 1-2-0, 60:00 minutes
Antti Niemi (STL), 15 saves from 19 shots - (0.789), L, 3-2-0, 29:12 minutes
Ryan Miller (STL), 18 saves from 19 shots - (0.947), 30:48 minutes

Players Stats for Predators

Player Name              G  A  P  +/- PIM S  H  SB GA TA FO     MP     PP MP  PK MP  
------------------------------------------------------------------------------------
Anthony Duclair          0  0  0   0  0   3  0  0  0  0  0/0     5:50   0:00   0:16 
Colton Sissons           0  0  0   0  2   0  1  0  0  0  10/14   9:02   0:00   3:29 
Connor Murphy            0  2  2   2  2   1  4  1  0  0  0/0    15:26   2:14   2:01 
Elias Lindholm           0  0  0   0  0   2  0  0  0  0  1/1    14:48   0:00   3:00 
J.T. Miller              1  0  1   2  0   2  2  0  0  0  1/2    18:00   3:17   2:27 
Jaden Schwartz           1  2  3   3  0   6  1  0  0  0  1/3    22:34   3:17   5:07 
John Moore               0  0  0   1  0   0  0  2  0  0  0/0    16:28   1:11   3:42 
Kevin Hayes              0  1  1   2  0   3  0  0  0  0  0/1    14:30   0:00   0:00 
Max Pacioretty           0  1  1   1  0   2  0  0  0  0  1/2    17:15   4:39   0:00 
Nick Leddy               0  0  0   3  0   1  1  1  0  0  0/0    19:54   4:31   1:19 
Nicklas Backstrom        0  2  2   1  0   7  0  0  0  0  9/19   17:15   4:39   0:00 
Nikita Zadorov           0  0  0   0  4   0  2  1  0  0  0/0    14:58   0:00   1:07 
Oscar Klefbom            1  0  1   1  0   1  1  0  0  0  0/0    24:50   3:45   3:39 
Phillip Di Giuseppe      0  0  0   0  0   0  0  0  0  0  0/0     5:34   0:00   0:00 
Roman Josi               0  1  1   1  0   1  0  0  0  0  0/0    27:58   4:11   3:41 
Steven Stamkos           2  0  2   3  0   3  2  1  0  0  15/23  18:49   4:39   0:00 
Vincent Trocheck         0  0  0   0  0   5  0  0  0  0  8/21   15:05   3:17   0:00 
Vladislav Namestnikov    0  0  0   0  0   1  1  0  0  0  1/2    13:44   0:00   1:56 

Players Stats for Blues

Player Name              G  A  P  +/- PIM S  H  SB GA TA FO     MP     PP MP  PK MP  
------------------------------------------------------------------------------------
Brian Flynn              1  0  1   1  0   1  3  0  0  0  5/14   12:48   0:00   1:11 
Brian Gionta             0  0  0  -2  0   1  1  0  0  0  2/3    11:47   2:41   1:48 
Cal Clutterbuck          0  0  0  -2  0   3  0  0  0  0  0/1     8:39   0:00   1:21 
Carl Gunnarsson          0  0  0   0  0   0  0  2  0  0  0/0    13:57   0:14   0:52 
Clarke MacArthur         0  0  0  -1  0   2  1  0  0  0  0/1    15:35   2:41   1:38 
Jay Bouwmeester          0  0  0  -2  0   0  1  3  0  0  0/0    26:26   5:14   4:05 
Jay McClement            0  0  0  -2  0   1  1  0  0  0  6/10    9:59   2:41   0:00 
Jiri Hudler              0  1  1   1  0   0  0  0  0  0  2/2    12:12   0:35   0:00 
John-Michael Liles       0  0  0   0  0   1  0  2  0  0  0/0    18:50   2:28   3:31 
Johnny Boychuk           0  0  0  -2  6   2  4  0  0  0  0/0    23:05   4:53   1:08 
Kris Versteeg            0  0  0  -1  0   1  2  0  0  0  2/8    15:56   4:40   0:00 
Marian Hossa             0  0  0  -2  2   4  0  0  0  0  0/2    22:37   5:15   3:26 
Matt Irwin               0  0  0  -2  0   0  0  0  0  0  0/0    16:23   0:35   1:38 
Michael Raffl            0  0  0   1  0   1  1  0  0  0  0/0    11:37   0:00   0:00 
Mike Fisher              0  0  0  -2  0   1  0  0  0  0  15/28  18:37   0:00   4:40 
Nick Cousins             0  0  0  -1  0   3  2  0  0  0  7/15   11:16   0:00   0:00 
Niklas Kronwall          0  0  0  -2  0   0  2  3  0  0  0/0    21:16   2:28   4:38 
Rick Nash                0  0  0  -2  0   1  2  0  0  0  2/4    21:00   5:15   1:48 

3 Stars

1 - Steven Stamkos (NSH)
2 - Jaden Schwartz (NSH)
3 - J.T. Miller (NSH)

Power Play

Predators - 0 on 4 Attempt(s) - 0.00%
Blues - 0 on 4 Attempt(s) - 0.00%

Penalty Kill

Predators - 4 on 4 Attempt(s) - 100.00% - Score 0 goal in Penalty Kill
Blues - 4 on 4 Attempt(s) - 100.00% - Score 0 goal in Penalty Kill

Team Stat

Predators - Hits : 15 - Faceoff Wins : 47 - Blocked Shots : 6 - Penalty Minutes : 8
Blues - Hits : 20 - Faceoff Wins : 41 - Blocked Shots : 10 - Penalty Minutes : 8

Official

Referees : Trevor Hanson and Brian Pochmara
Linesman : Ryan Galloway and Steve Barton

Game Notes

Ryan Miller enters game at 9:12 of 2nd period
Connor Murphy is injured at 8:43 of 3rd period (Right Leg)

Finance

Level 1 -- Attendance: 6126 (94.25%) -- Ticket Income 618 726 $
Level 2 -- Attendance: 3635 (72.70%) -- Ticket Income 308 975 $
Level 3 -- Attendance: 2887 (82.49%) -- Ticket Income 173 220 $
Level 4 -- Attendance: 2834 (89.97%) -- Ticket Income 127 530 $
Luxury Box -- Attendance: 875 (87.50%) -- Ticket Income 175 000 $
Game was played at the Scottrade Center.
Total Attendance: 16357 (85.42%)
Total Ticket Income: 1 403 451 $
Other Income: 210 518 $
Total Income: 1 613 969 $

% Time on Ice - Predators

Lines # - Real PCT - Wanted PCT - Time Play
Normal Forward
1 - 32% - 40% - 14:10
2 - 29% - 30% - 12:36
3 - 27% - 20% - 11:48
4 - 13% - 10% - 5:34
Normal Defense
1 - 38% - 40% - 16:41
2 - 35% - 30% - 15:20
3 - 26% - 20% - 11:22
4 - 2% - 10% - 0:45
PP Forward
1 - 59% - 60% - 4:39
2 - 41% - 40% - 3:17
PP Defense
1 - 53% - 60% - 4:11
2 - 47% - 40% - 3:45
PK Forward
1 - 71% - 60% - 5:37
2 - 29% - 40% - 2:19
PK Defense
1 - 47% - 60% - 3:43
2 - 53% - 40% - 4:13
PK3 Forward
1 - 0% - 60%
2 - 0% - 40%
PK3 Defense
1 - 0% - 60%
2 - 0% - 40%
44 Forward
1 - 0% - 60%
2 - 0% - 40%
44 Defense
1 - 0% - 60%
2 - 0% - 40%
Last Minute Offensive  - 0:00
Last Minute Defensive  - 0:00
Total
Forward - 60:00
Defense - 60:00

% Time on Ice - Blues

Lines # - Real PCT - Wanted PCT - Time Play
Normal Forward
1 - 32% - 40% - 13:57
2 - 26% - 30% - 11:16
3 - 26% - 20% - 11:37
4 - 17% - 10% - 7:18
Normal Defense
1 - 37% - 40% - 16:21
2 - 32% - 30% - 14:10
3 - 29% - 20% - 12:51
4 - 2% - 10% - 0:46
PP Forward
1 - 66% - 60% - 5:15
2 - 34% - 40% - 2:41
PP Defense
1 - 69% - 60% - 5:28
2 - 31% - 40% - 2:28
PK Forward
1 - 77% - 60% - 6:08
2 - 23% - 40% - 1:48
PK Defense
1 - 70% - 60% - 5:31
2 - 30% - 40% - 2:25
PK3 Forward
1 - 0% - 60%
2 - 0% - 40%
PK3 Defense
1 - 0% - 60%
2 - 0% - 40%
44 Forward
1 - 0% - 60%
2 - 0% - 40%
44 Defense
1 - 0% - 60%
2 - 0% - 40%
Last Minute Offensive  - 0:00
Last Minute Defensive  - 0:00
Total
Forward - 60:00
Defense - 60:00

Play by Play

1st period


0:01 of 1st period - Rick Nash wins face-off versus Steven Stamkos in neutral zone.
0:09 of 1st period - Icing by Roman Josi.
0:10 of 1st period - Steven Stamkos wins face-off versus Nick Cousins in Predators zone.
0:15 of 1st period - Shot by Kris Versteeg.
0:15 of 1st period - Shot Misses the Net.
0:31 of 1st period - Icing by Oscar Klefbom.
0:32 of 1st period - Steven Stamkos wins face-off versus Brian Flynn in Predators zone.
0:41 of 1st period - Shot by Jaden Schwartz.
0:41 of 1st period - Deflect By Steven Stamkos.
0:41 of 1st period - Shot Blocked by Carl Gunnarsson.
0:43 of 1st period - Shot by Kevin Hayes.
0:43 of 1st period - Stopped by Antti Niemi with a rebound.
0:45 of 1st period - Shot by Oscar Klefbom.
0:45 of 1st period - Deflect By Jaden Schwartz.
0:45 of 1st period - Shot Misses the Net.
0:47 of 1st period - Shot by Kevin Hayes.
0:47 of 1st period - Stopped by Antti Niemi without a rebound.
0:48 of 1st period - Mike Fisher wins face-off versus Nicklas Backstrom in Blues zone.
1:14 of 1st period - Marian Hossa is hit by Connor Murphy and loses puck.
1:42 of 1st period - Shot by Cal Clutterbuck.
1:42 of 1st period - Shot Blocked by Nick Leddy.
1:44 of 1st period - Shot by Cal Clutterbuck.
1:44 of 1st period - Stopped by Pekka Rinne without a rebound.
1:45 of 1st period - Nick Cousins wins face-off versus Vincent Trocheck in Predators zone.
1:56 of 1st period - Shot by Clarke MacArthur.
1:56 of 1st period - Shot Misses the Net.
1:58 of 1st period - Shot by Nick Cousins.
1:58 of 1st period - Stopped by Pekka Rinne without a rebound.
1:59 of 1st period - Colton Sissons wins face-off versus Brian Flynn in Predators zone.
2:43 of 1st period - Off-side.
2:44 of 1st period - Mike Fisher wins face-off versus Vincent Trocheck in neutral zone.
3:06 of 1st period - Shot by Marian Hossa.
3:06 of 1st period - Stopped by Pekka Rinne with a rebound.
3:15 of 1st period - Icing by Johnny Boychuk.
3:16 of 1st period - Steven Stamkos wins face-off versus Mike Fisher in Blues zone.
3:25 of 1st period - Shot by Kevin Hayes.
3:25 of 1st period - Shot Misses the Net.
4:24 of 1st period - Icing by Matt Irwin.
4:25 of 1st period - Jay McClement wins face-off versus Nicklas Backstrom in Blues zone.
4:40 of 1st period - Shot by Nicklas Backstrom.
4:40 of 1st period - Shot Blocked by Niklas Kronwall.
4:42 of 1st period - Shot by Oscar Klefbom.
4:42 of 1st period - Goal by Oscar Klefbom - Predators : 1 - Blues : 0.
4:43 of 1st period - Brian Flynn wins face-off versus Vincent Trocheck in neutral zone.
4:48 of 1st period - Nikita Zadorov is hit by Brian Flynn and loses puck.
4:58 of 1st period - Vincent Trocheck is hit by Johnny Boychuk and loses puck.
5:26 of 1st period - Icing by John Moore.
5:27 of 1st period - Rick Nash wins face-off versus Vincent Trocheck in Predators zone.
5:33 of 1st period - Icing by Elias Lindholm.
5:34 of 1st period - Nick Cousins wins face-off versus Vincent Trocheck in Predators zone.
5:59 of 1st period - Shot by Kris Versteeg.
5:59 of 1st period - Shot Misses the Net.
6:01 of 1st period - Shot by Clarke MacArthur.
6:01 of 1st period - Stopped by Pekka Rinne without a rebound.
6:02 of 1st period - Steven Stamkos wins face-off versus Mike Fisher in Predators zone.
6:14 of 1st period - Minor Penalty to Johnny Boychuk for Goalie Interference.
6:15 of 1st period - Mike Fisher wins face-off versus Nicklas Backstrom in Blues zone.
6:40 of 1st period - Shot by Nick Leddy.
6:40 of 1st period - Stopped by Antti Niemi without a rebound.
6:41 of 1st period - Vincent Trocheck wins face-off versus Mike Fisher in Blues zone.
6:41 of 1st period - Vincent Trocheck is hit by Niklas Kronwall.
6:49 of 1st period - Shot by Vincent Trocheck.
6:49 of 1st period - Deflect By Jaden Schwartz.
6:49 of 1st period - Shot Misses the Net.
6:51 of 1st period - Shot by Connor Murphy.
6:51 of 1st period - Shot Misses the Net.
7:01 of 1st period - Shot by J.T. Miller.
7:01 of 1st period - Shot Misses the Net.
7:03 of 1st period - Shot by Oscar Klefbom.
7:03 of 1st period - Shot Blocked by Niklas Kronwall.
7:05 of 1st period - Shot by Connor Murphy.
7:05 of 1st period - Stopped by Antti Niemi with a rebound.
7:52 of 1st period - Shot by Nicklas Backstrom.
7:52 of 1st period - Stopped by Antti Niemi without a rebound.
7:53 of 1st period - Nicklas Backstrom wins face-off versus Brian Gionta in Blues zone.
7:58 of 1st period - Shot by Max Pacioretty.
7:58 of 1st period - Stopped by Antti Niemi without a rebound.
7:59 of 1st period - Vincent Trocheck wins face-off versus Rick Nash in Blues zone.
8:08 of 1st period - Shot by Roman Josi.
8:08 of 1st period - Shot Misses the Net.
8:10 of 1st period - Shot by Vincent Trocheck.
8:10 of 1st period - Stopped by Antti Niemi with a rebound.
8:12 of 1st period - Shot by J.T. Miller.
8:12 of 1st period - Shot Blocked by Jay Bouwmeester.
8:18 of 1st period - Shot by Anthony Duclair.
8:18 of 1st period - Stopped by Antti Niemi without a rebound.
8:19 of 1st period - Colton Sissons wins face-off versus Nick Cousins in Blues zone.
8:29 of 1st period - Off-side.
8:30 of 1st period - Steven Stamkos wins face-off versus Jay McClement in neutral zone.
9:10 of 1st period - Cal Clutterbuck is hit by Jaden Schwartz and loses puck.
9:44 of 1st period - J.T. Miller is hit by Johnny Boychuk and loses puck.
10:28 of 1st period - Shot by Nick Cousins.
10:28 of 1st period - Stopped by Pekka Rinne with a rebound.
11:14 of 1st period - Roman Josi is hit by Johnny Boychuk and loses puck.
11:29 of 1st period - Vincent Trocheck is hit by Brian Flynn and loses puck.
11:49 of 1st period - Elias Lindholm is hit by Rick Nash and loses puck.
12:29 of 1st period - Shot by Steven Stamkos.
12:29 of 1st period - Goal by Steven Stamkos - Predators : 2 - Blues : 0.
12:30 of 1st period - Colton Sissons wins face-off versus Kris Versteeg in neutral zone.
12:51 of 1st period - Shot by Clarke MacArthur.
12:51 of 1st period - Shot Misses the Net.
13:35 of 1st period - Shot by Jaden Schwartz.
13:35 of 1st period - Shot Misses the Net.
13:37 of 1st period - Shot by Jaden Schwartz.
13:37 of 1st period - Stopped by Antti Niemi without a rebound.
13:38 of 1st period - Vincent Trocheck wins face-off versus Marian Hossa in Blues zone.
13:51 of 1st period - Shot by Vladislav Namestnikov.
13:51 of 1st period - Stopped by Antti Niemi without a rebound.
13:52 of 1st period - Jay McClement wins face-off versus Steven Stamkos in Blues zone.
13:58 of 1st period - Off-side.
13:59 of 1st period - Mike Fisher wins face-off versus Jaden Schwartz in neutral zone.
14:01 of 1st period - Jay Bouwmeester is hit by Oscar Klefbom and loses puck.
14:26 of 1st period - Shot by Rick Nash.
14:26 of 1st period - Shot Misses the Net.
14:32 of 1st period - Shot by Marian Hossa.
14:32 of 1st period - Stopped by Pekka Rinne without a rebound.
14:33 of 1st period - Nicklas Backstrom wins face-off versus Nick Cousins in Predators zone.
15:02 of 1st period - Shot by Nicklas Backstrom.
15:02 of 1st period - Stopped by Antti Niemi without a rebound.
15:03 of 1st period - Vincent Trocheck wins face-off versus Brian Flynn in Blues zone.
15:13 of 1st period - Vladislav Namestnikov is hit by Niklas Kronwall and loses puck.
15:25 of 1st period - Niklas Kronwall is hit by Nikita Zadorov and loses puck.
15:32 of 1st period - Shot by Elias Lindholm.
15:32 of 1st period - Stopped by Antti Niemi with a rebound.
15:41 of 1st period - Icing by Matt Irwin.
15:42 of 1st period - Brian Flynn wins face-off versus Steven Stamkos in Blues zone.
16:33 of 1st period - Shot by Mike Fisher.
16:33 of 1st period - Shot Misses the Net.
16:59 of 1st period - Shot by Max Pacioretty.
16:59 of 1st period - Shot Blocked by John-Michael Liles.
17:01 of 1st period - Shot by J.T. Miller.
17:01 of 1st period - Goal by J.T. Miller - Predators : 3 - Blues : 0.
17:02 of 1st period - Jay McClement wins face-off versus Colton Sissons in neutral zone.
17:57 of 1st period - John Moore is hit by Brian Flynn and loses puck.
18:09 of 1st period - Off-side.
18:10 of 1st period - Mike Fisher wins face-off versus Nicklas Backstrom in neutral zone.
18:13 of 1st period - Shot by Mike Fisher.
18:13 of 1st period - Shot Misses the Net.
18:18 of 1st period - Icing by Max Pacioretty.
18:19 of 1st period - Nicklas Backstrom wins face-off versus Nick Cousins in Predators zone.
18:24 of 1st period - Shot by Nicklas Backstrom.
18:24 of 1st period - Stopped by Antti Niemi without a rebound.
18:25 of 1st period - Steven Stamkos wins face-off versus Mike Fisher in Blues zone.
18:29 of 1st period - Icing by Johnny Boychuk.
18:30 of 1st period - Steven Stamkos wins face-off versus Mike Fisher in Blues zone.
18:35 of 1st period - Shot by Jaden Schwartz.
18:35 of 1st period - Stopped by Antti Niemi without a rebound.
18:36 of 1st period - Mike Fisher wins face-off versus Steven Stamkos in Blues zone.
18:45 of 1st period - Shot by Rick Nash.
18:45 of 1st period - Deflect By Marian Hossa.
18:45 of 1st period - Shot Misses the Net.
19:03 of 1st period - Shot by Steven Stamkos.
19:03 of 1st period - Shot Misses the Net.
19:40 of 1st period - Shot by Nick Cousins.
19:40 of 1st period - Stopped by Pekka Rinne without a rebound.
19:41 of 1st period - Vincent Trocheck wins face-off versus Brian Flynn in Predators zone.
19:58 of 1st period - Shot by Vincent Trocheck.
19:58 of 1st period - Shot Blocked by John-Michael Liles.
Goals for this period are 3 for Predators vs 0 for Blues.
Shots for this period are 17 for Predators vs 7 for Blues.

2nd period


0:01 of 2nd period - Nicklas Backstrom wins face-off versus Mike Fisher in neutral zone.
0:01 of 2nd period - Nicklas Backstrom is hit by Rick Nash.
0:16 of 2nd period - Minor Penalty to Marian Hossa for Roughing.
0:17 of 2nd period - Nicklas Backstrom wins face-off versus Mike Fisher in Blues zone.
0:38 of 2nd period - Max Pacioretty is hit by Johnny Boychuk and loses puck.
0:44 of 2nd period - Shot by Roman Josi.
0:44 of 2nd period - Shot Misses the Net.
1:52 of 2nd period - Icing by Roman Josi.
1:53 of 2nd period - Nicklas Backstrom wins face-off versus Mike Fisher in Predators zone.
2:21 of 2nd period - Minor Penalty to Colton Sissons for Hooking.
2:22 of 2nd period - Vladislav Namestnikov wins face-off versus Kris Versteeg in Predators zone.
2:22 of 2nd period - Vladislav Namestnikov is hit by Kris Versteeg.
2:38 of 2nd period - Shot by Marian Hossa.
2:38 of 2nd period - Stopped by Pekka Rinne without a rebound.
2:39 of 2nd period - Kris Versteeg wins face-off versus Vladislav Namestnikov in Predators zone.
2:39 of 2nd period - Kris Versteeg is hit by Connor Murphy.
2:45 of 2nd period - Shot by Marian Hossa.
2:45 of 2nd period - Shot Misses the Net.
2:50 of 2nd period - Rick Nash is hit by Connor Murphy and loses puck.
2:53 of 2nd period - Shot by Jay Bouwmeester.
2:53 of 2nd period - Shot Misses the Net.
2:55 of 2nd period - Shot by Johnny Boychuk.
2:55 of 2nd period - Stopped by Pekka Rinne with a rebound.
2:57 of 2nd period - Shot by Johnny Boychuk.
2:57 of 2nd period - Stopped by Pekka Rinne without a rebound.
2:58 of 2nd period - Elias Lindholm wins face-off versus Jay McClement in Predators zone.
3:46 of 2nd period - Shot by Kris Versteeg.
3:46 of 2nd period - Stopped by Pekka Rinne without a rebound.
3:47 of 2nd period - Jaden Schwartz wins face-off versus Kris Versteeg in Predators zone.
4:00 of 2nd period - Jaden Schwartz is hit by Kris Versteeg and loses puck.
5:16 of 2nd period - Minor Penalty to Nikita Zadorov for High sticking.
5:17 of 2nd period - Colton Sissons wins face-off versus Kris Versteeg in Predators zone.
7:35 of 2nd period - Shot by Brian Flynn.
7:35 of 2nd period - Goal by Brian Flynn - Predators : 3 - Blues : 1.
7:36 of 2nd period - Vincent Trocheck wins face-off versus Nick Cousins in neutral zone.
8:01 of 2nd period - Shot by Vincent Trocheck.
8:01 of 2nd period - Stopped by Antti Niemi without a rebound.
8:02 of 2nd period - Jay McClement wins face-off versus J.T. Miller in Blues zone.
8:09 of 2nd period - Shot by Nicklas Backstrom.
8:09 of 2nd period - Shot Misses the Net.
8:22 of 2nd period - Brian Gionta is hit by Nikita Zadorov.
8:24 of 2nd period - Shot by Cal Clutterbuck.
8:24 of 2nd period - Shot Misses the Net.
8:29 of 2nd period - Icing by John Moore.
8:30 of 2nd period - Max Pacioretty wins face-off versus Brian Flynn in Predators zone.
8:58 of 2nd period - Shot by Brian Flynn.
8:58 of 2nd period - Shot Misses the Net.
9:12 of 2nd period - Shot by Steven Stamkos.
9:12 of 2nd period - Goal by Steven Stamkos - Predators : 4 - Blues : 1.
9:12 of 2nd period - Ryan Miller enters game.
9:13 of 2nd period - Mike Fisher wins face-off versus Vincent Trocheck in neutral zone.
9:15 of 2nd period - Off-side.
9:16 of 2nd period - Vincent Trocheck wins face-off versus Mike Fisher in neutral zone.
9:22 of 2nd period - Vladislav Namestnikov is hit by Jay Bouwmeester and loses puck.
9:24 of 2nd period - Minor Penalty to Johnny Boychuk for High sticking.
9:25 of 2nd period - Nicklas Backstrom wins face-off versus Mike Fisher in Blues zone.
9:50 of 2nd period - Shot by Steven Stamkos.
9:50 of 2nd period - Shot Blocked by Niklas Kronwall.
10:36 of 2nd period - Shot by J.T. Miller.
10:36 of 2nd period - Shot Misses the Net.
11:03 of 2nd period - Off-side.
11:04 of 2nd period - Mike Fisher wins face-off versus Nicklas Backstrom in neutral zone.
11:26 of 2nd period - Shot by Colton Sissons.
11:26 of 2nd period - Shot Misses the Net.
11:28 of 2nd period - Shot by Colton Sissons.
11:28 of 2nd period - Shot Blocked by Carl Gunnarsson.
11:52 of 2nd period - Shot by Anthony Duclair.
11:52 of 2nd period - Stopped by Ryan Miller without a rebound.
11:53 of 2nd period - Brian Flynn wins face-off versus Vincent Trocheck in Blues zone.
11:53 of 2nd period - Brian Flynn is hit by Vladislav Namestnikov.
12:10 of 2nd period - Shot by Roman Josi.
12:10 of 2nd period - Shot Blocked by Jay Bouwmeester.
12:48 of 2nd period - Shot by Cal Clutterbuck.
12:48 of 2nd period - Stopped by Pekka Rinne without a rebound.
12:49 of 2nd period - Nicklas Backstrom wins face-off versus Nick Cousins in Predators zone.
13:06 of 2nd period - Shot by Nicklas Backstrom.
13:06 of 2nd period - Deflect By Max Pacioretty.
13:06 of 2nd period - Stopped by Ryan Miller without a rebound.
13:07 of 2nd period - Mike Fisher wins face-off versus Kevin Hayes in Blues zone.
13:11 of 2nd period - Icing by Mike Fisher.
13:12 of 2nd period - Mike Fisher wins face-off versus Steven Stamkos in Blues zone.
13:12 of 2nd period - Mike Fisher is hit by Steven Stamkos.
13:21 of 2nd period - Icing by Matt Irwin.
13:22 of 2nd period - J.T. Miller wins face-off versus Mike Fisher in Blues zone.
13:27 of 2nd period - Shot by J.T. Miller.
13:27 of 2nd period - Stopped by Ryan Miller without a rebound.
13:28 of 2nd period - Steven Stamkos wins face-off versus Mike Fisher in Blues zone.
13:29 of 2nd period - Shot by Jaden Schwartz.
13:29 of 2nd period - Stopped by Ryan Miller without a rebound.
13:30 of 2nd period - Mike Fisher wins face-off versus Steven Stamkos in Blues zone.
13:41 of 2nd period - Shot by Marian Hossa.
13:41 of 2nd period - Deflect By Mike Fisher.
13:41 of 2nd period - Shot Misses the Net.
13:43 of 2nd period - Shot by Jay Bouwmeester.
13:43 of 2nd period - Shot Blocked by Steven Stamkos.
15:48 of 2nd period - Shot by Cal Clutterbuck.
15:48 of 2nd period - Shot Blocked by John Moore.
15:50 of 2nd period - Shot by Jay McClement.
15:50 of 2nd period - Deflect By Brian Gionta.
15:50 of 2nd period - Stopped by Pekka Rinne with a rebound.
15:52 of 2nd period - Shot by Johnny Boychuk.
15:52 of 2nd period - Shot Blocked by Nikita Zadorov.
15:54 of 2nd period - Shot by Cal Clutterbuck.
15:54 of 2nd period - Stopped by Pekka Rinne without a rebound.
15:55 of 2nd period - Mike Fisher wins face-off versus Colton Sissons in Predators zone.
16:20 of 2nd period - Shot by Mike Fisher.
16:20 of 2nd period - Stopped by Pekka Rinne without a rebound.
16:21 of 2nd period - Nick Cousins wins face-off versus Nicklas Backstrom in Predators zone.
16:29 of 2nd period - Kris Versteeg is hit by Connor Murphy and loses puck.
16:42 of 2nd period - Shot by Johnny Boychuk.
16:42 of 2nd period - Shot Hit the Post.
17:09 of 2nd period - Shot by Jiri Hudler.
17:09 of 2nd period - Shot Blocked by Connor Murphy.
17:11 of 2nd period - Shot by Michael Raffl.
17:11 of 2nd period - Stopped by Pekka Rinne without a rebound.
17:12 of 2nd period - Steven Stamkos wins face-off versus Rick Nash in Predators zone.
17:33 of 2nd period - Shot by Kevin Hayes.
17:33 of 2nd period - Stopped by Ryan Miller without a rebound.
17:34 of 2nd period - Jiri Hudler wins face-off versus Vincent Trocheck in Blues zone.
17:59 of 2nd period - Shot by Vladislav Namestnikov.
17:59 of 2nd period - Deflect By Vincent Trocheck.
17:59 of 2nd period - Shot Misses the Net.
18:38 of 2nd period - Icing by Rick Nash.
18:39 of 2nd period - Steven Stamkos wins face-off versus Mike Fisher in Blues zone.
19:00 of 2nd period - Minor Penalty to Connor Murphy for Holding.
19:01 of 2nd period - Colton Sissons wins face-off versus Jay McClement in Predators zone.
19:01 of 2nd period - Colton Sissons is hit by Brian Gionta.
19:21 of 2nd period - Shot by Brian Gionta.
19:21 of 2nd period - Deflect By Clarke MacArthur.
19:21 of 2nd period - Stopped by Pekka Rinne without a rebound.
19:22 of 2nd period - Colton Sissons wins face-off versus Kris Versteeg in Predators zone.
Goals for this period are 1 for Predators vs 1 for Blues.
Shots for this period are 7 for Predators vs 11 for Blues.

3rd period


0:01 of 3rd period - Kris Versteeg wins face-off versus Colton Sissons in neutral zone.
0:19 of 3rd period - Marian Hossa is hit by Colton Sissons.
1:18 of 3rd period - Shot by Nicklas Backstrom.
1:18 of 3rd period - Stopped by Ryan Miller without a rebound.
1:19 of 3rd period - Brian Flynn wins face-off versus Vincent Trocheck in Blues zone.
1:24 of 3rd period - Shot by Jiri Hudler.
1:24 of 3rd period - Shot Misses the Net.
1:30 of 3rd period - Shot by Elias Lindholm.
1:30 of 3rd period - Shot Misses the Net.
1:34 of 3rd period - Shot by Roman Josi.
1:34 of 3rd period - Stopped by Ryan Miller without a rebound.
1:35 of 3rd period - Steven Stamkos wins face-off versus Jay McClement in Blues zone.
1:50 of 3rd period - Shot by Jaden Schwartz.
1:50 of 3rd period - Stopped by Ryan Miller without a rebound.
1:51 of 3rd period - Jiri Hudler wins face-off versus Max Pacioretty in Blues zone.
1:51 of 3rd period - Jiri Hudler is hit by J.T. Miller.
2:05 of 3rd period - Shot by Jiri Hudler.
2:05 of 3rd period - Shot Misses the Net.
2:40 of 3rd period - Icing by Jay Bouwmeester.
2:41 of 3rd period - Mike Fisher wins face-off versus Steven Stamkos in Blues zone.
2:46 of 3rd period - Shot by Jaden Schwartz.
2:46 of 3rd period - Goal by Jaden Schwartz - Predators : 5 - Blues : 1.
2:47 of 3rd period - Nick Cousins wins face-off versus Steven Stamkos in neutral zone.
2:47 of 3rd period - Nick Cousins is hit by Steven Stamkos.
2:54 of 3rd period - Clarke MacArthur is hit by Nick Leddy and loses puck.
3:16 of 3rd period - Nick Leddy is hit by Nick Cousins and loses puck.
3:45 of 3rd period - Shot by Vincent Trocheck.
3:45 of 3rd period - Stopped by Ryan Miller without a rebound.
3:46 of 3rd period - Jay McClement wins face-off versus Nicklas Backstrom in Blues zone.
5:08 of 3rd period - Shot by Marian Hossa.
5:08 of 3rd period - Stopped by Pekka Rinne without a rebound.
5:09 of 3rd period - Steven Stamkos wins face-off versus Nick Cousins in Predators zone.
5:26 of 3rd period - Shot by Steven Stamkos.
5:26 of 3rd period - Shot Misses the Net.
5:28 of 3rd period - Shot by Jaden Schwartz.
5:28 of 3rd period - Shot Misses the Net.
5:30 of 3rd period - Shot by Steven Stamkos.
5:30 of 3rd period - Stopped by Ryan Miller without a rebound.
5:31 of 3rd period - Colton Sissons wins face-off versus Marian Hossa in Blues zone.
6:57 of 3rd period - Shot by Nicklas Backstrom.
6:57 of 3rd period - Stopped by Ryan Miller with a rebound.
7:07 of 3rd period - Shot by Nicklas Backstrom.
7:07 of 3rd period - Stopped by Ryan Miller with a rebound.
7:09 of 3rd period - Shot by Nick Leddy.
7:09 of 3rd period - Shot Misses the Net.
7:11 of 3rd period - Shot by Nick Leddy.
7:11 of 3rd period - Shot Blocked by Jay Bouwmeester.
7:23 of 3rd period - Shot by Nicklas Backstrom.
7:23 of 3rd period - Stopped by Ryan Miller without a rebound.
7:24 of 3rd period - Nick Cousins wins face-off versus Vincent Trocheck in Blues zone.
7:31 of 3rd period - Shot by Kris Versteeg.
7:31 of 3rd period - Deflect By Clarke MacArthur.
7:31 of 3rd period - Shot Misses the Net.
7:37 of 3rd period - Shot by Elias Lindholm.
7:37 of 3rd period - Stopped by Ryan Miller without a rebound.
7:38 of 3rd period - Colton Sissons wins face-off versus Brian Flynn in Blues zone.
7:50 of 3rd period - Icing by Oscar Klefbom.
7:51 of 3rd period - Nick Cousins wins face-off versus Colton Sissons in Predators zone.
7:59 of 3rd period - Roman Josi is hit by Nick Cousins.
8:09 of 3rd period - Roman Josi is hit by Clarke MacArthur.
8:20 of 3rd period - Off-side.
8:21 of 3rd period - Steven Stamkos wins face-off versus Brian Flynn in neutral zone.
8:42 of 3rd period - Connor Murphy is hit by Michael Raffl and loses puck.
8:43 of 3rd period - Connor Murphy from Predators is injured at 8:43 of 3rd period (Right Leg).
8:44 of 3rd period - Brian Gionta wins face-off versus Nicklas Backstrom in Predators zone.
8:53 of 3rd period - Shot by Cal Clutterbuck.
8:53 of 3rd period - Shot Misses the Net.
8:55 of 3rd period - Shot by Jay McClement.
8:55 of 3rd period - Stopped by Pekka Rinne without a rebound.
8:56 of 3rd period - Nick Cousins wins face-off versus Vincent Trocheck in Predators zone.
8:59 of 3rd period - Shot by Kris Versteeg.
8:59 of 3rd period - Shot Misses the Net.
10:29 of 3rd period - Icing by Nick Leddy.
10:30 of 3rd period - Steven Stamkos wins face-off versus Brian Flynn in Predators zone.
10:40 of 3rd period - Off-side.
10:41 of 3rd period - Jay McClement wins face-off versus Nicklas Backstrom in neutral zone.
11:34 of 3rd period - Off-side.
11:35 of 3rd period - Vincent Trocheck wins face-off versus Brian Flynn in neutral zone.
11:50 of 3rd period - Off-side.
11:51 of 3rd period - Mike Fisher wins face-off versus Jaden Schwartz in neutral zone.
12:18 of 3rd period - Shot by Steven Stamkos.
12:18 of 3rd period - Shot Misses the Net.
12:54 of 3rd period - Minor Penalty to Johnny Boychuk for Holding.
12:55 of 3rd period - Nicklas Backstrom wins face-off versus Cal Clutterbuck in Blues zone.
13:49 of 3rd period - Shot by J.T. Miller.
13:49 of 3rd period - Shot Misses the Net.
13:51 of 3rd period - Shot by Vincent Trocheck.
13:51 of 3rd period - Stopped by Ryan Miller without a rebound.
13:52 of 3rd period - Mike Fisher wins face-off versus Vincent Trocheck in Blues zone.
14:11 of 3rd period - Shot by Vincent Trocheck.
14:11 of 3rd period - Stopped by Ryan Miller without a rebound.
14:12 of 3rd period - Brian Gionta wins face-off versus Nicklas Backstrom in Blues zone.
14:59 of 3rd period - Shot by Colton Sissons.
14:59 of 3rd period - Shot Misses the Net.
15:01 of 3rd period - Shot by Anthony Duclair.
15:01 of 3rd period - Stopped by Ryan Miller without a rebound.
15:02 of 3rd period - Brian Flynn wins face-off versus Vincent Trocheck in Blues zone.
16:15 of 3rd period - Shot by Clarke MacArthur.
16:15 of 3rd period - Deflect By Kris Versteeg.
16:15 of 3rd period - Shot Blocked by John Moore.
16:16 of 3rd period - Minor Penalty to Nikita Zadorov for High sticking.
16:17 of 3rd period - Colton Sissons wins face-off versus Clarke MacArthur in Predators zone.
17:10 of 3rd period - Shot by Marian Hossa.
17:10 of 3rd period - Deflect By Rick Nash.
17:10 of 3rd period - Shot Misses the Net.
17:12 of 3rd period - Shot by Rick Nash.
17:12 of 3rd period - Deflect By Marian Hossa.
17:12 of 3rd period - Shot Misses the Net.
17:14 of 3rd period - Shot by John-Michael Liles.
17:14 of 3rd period - Stopped by Pekka Rinne without a rebound.
17:15 of 3rd period - Colton Sissons wins face-off versus Kris Versteeg in Predators zone.
17:24 of 3rd period - Marian Hossa is hit by J.T. Miller and loses puck.
18:15 of 3rd period - Vladislav Namestnikov is hit by Jay McClement.
19:17 of 3rd period - Shot by Jay McClement.
19:17 of 3rd period - Shot Misses the Net.
19:19 of 3rd period - Shot by Cal Clutterbuck.
19:19 of 3rd period - Shot Misses the Net.
19:31 of 3rd period - Shot by Rick Nash.
19:31 of 3rd period - Stopped by Pekka Rinne without a rebound.
19:32 of 3rd period - Steven Stamkos wins face-off versus Nick Cousins in Predators zone.
19:52 of 3rd period - Shot by Jaden Schwartz.
19:52 of 3rd period - Shot Misses the Net.
19:54 of 3rd period - Shot by Nick Leddy.
19:54 of 3rd period - Shot Misses the Net.
19:56 of 3rd period - Shot by Jaden Schwartz.
19:56 of 3rd period - Stopped by Ryan Miller with a rebound.
19:58 of 3rd period - Shot by Nick Leddy.
19:58 of 3rd period - Deflect By Steven Stamkos.
19:58 of 3rd period - Shot Misses the Net.
Goals for this period are 1 for Predators vs 0 for Blues.
Shots for this period are 14 for Predators vs 4 for Blues.